 Dungeon Crawl Stone Soup version 0.30-a0-852-g08b95dd62f (webtiles) character file.

Game seed: 17600290709355471683

800 Demosthentine the Ducker (level 7, -1/49 HPs)
             Began as a Demonspawn Gladiator on Mar 4, 2023.
             Was a Believer of Hepliaklqana.
             Slain by a black bear (3 damage)
             ... on level 6 of the Dungeon.
             The game lasted 00:05:00 (4850 turns).

Demosthentine the Ducker (Demonspawn Gladiator)     Turns: 4850, Time: 00:05:01

Health: -1/49      AC:  4    Str: 16    XL:     7   Next: 59%
Magic:  0/7        EV: 15    Int:  9    God:    Hepliaklqana [**....]
Gold:   260        SH:  0    Dex: 21    Spells: 6/6 levels left

rFire   . . .      SeeInvis .    a - +1 trident
rCold   . . .      Faith    .    (no shield)
rNeg    . . .      Spirit   +    b - +0 leather armour
rPois   .          Reflect  .    (helmet restricted)
rElec   +          Rampage  .    (no cloak)
rCorr   +                        (no gloves)
Will    ++...                    m - +0 pair of boots
Stlth   ++                       (no amulet)
HPRegen 0.28/turn                c - ring "Pusomu" {rElec Will++ Dex+6}
MPRegen 0.20/turn                f - ring of resist corrosion

@: hasted, studying Dodging, very quick
A: reduced essence, antennae 1, magic shield, magic regeneration
a: Renounce Religion, Recall Ancestor, Ancestor Identity


You were on level 6 of the Dungeon.
You worshipped Hepliaklqana.
Hepliaklqana was pleased with you.
You visited 2 branches of the dungeon, and saw 7 of its levels.

You collected 260 gold pieces.

Inventory:

Hand Weapons
 a - a +1 trident (weapon)
Missiles
 e - a javelin (quivered)
Armour
 b - a +0 leather armour (worn)
 m - a +0 pair of boots (worn)
Jewellery
 c - the ring "Pusomu" (left hand) {rElec Will++ Dex+6}
   (You acquired it on level 2 of the Dungeon)

   [ring of dexterity]

   Dex:       It affects your dexterity (+6).
   rElec:     It insulates you from electricity.
   Will:      It greatly increases your willpower.
 f - a ring of resist corrosion (right hand)
Wands
 k - a wand of polymorph (6)
 n - a wand of flame (12)
 t - a wand of iceblast (9)
Scrolls
 o - 2 scrolls of magic mapping
 p - a scroll of identify
 r - a scroll of amnesia
Potions
 g - a potion of lignification
 h - 2 potions of attraction
 i - a potion of flight
 l - a potion of might
 v - a potion of resistance {unknown}


   Skills:
 + Level 4.5 Fighting
 + Level 4.7 Polearms
 - Level 1.7 Throwing
 + Level 3.6 Armour
 + Level 5.6 Dodging


You had 6 spell levels left.
You didn't know any spells.
Your spell library was empty.

Dungeon Overview and Level Annotations

Branches:
Dungeon (6/15)             Temple (1/1) D:4

Altars:
Ashenzari
Cheibriados
Dithmenos
Fedhas
Gozag
Hepliaklqana
Kikubaaqudgha
Makhleb
Nemelex Xobeh
Okawaru
Qazlal
Ru
Sif Muna
Trog
Uskayaw
Vehumet
Wu Jian
Yredelemnul

Shops:
D:1 (


Innate Abilities, Weirdness & Mutations

Your life essence is reduced to manifest your ancestor. (-10% HP)
You have a pair of small antennae on your head.
When hurt, damage is shared between your health and your magic reserves.
You regenerate magic rapidly.


Message History

Aim: a black bear (lightly wounded, entangled in a net, about 6% to evade your +1 trident)
You reach to attack!
You strike the helpless black bear from behind!
You hit the black bear.
The black bear is lightly wounded.
The black bear struggles against the net.
Unknown command.
Reach: a) +1 trident
Press: ? - help, Dir - move target, f/p - black bear
Aim: a black bear (lightly wounded, entangled in a net, about 6% to evade your +1 trident)
You reach to attack!
You hit the black bear.
The black bear is moderately wounded.
The black bear struggles against the net.
Unknown command.
Reach: a) +1 trident
Press: ? - help, Dir - move target, f/p - black bear
Aim: a black bear (moderately wounded, entangled in a net, about 6% to evade your +1 trident)
You reach to attack!
You puncture the black bear!
The black bear is severely wounded.
The black bear goes berserk!
The black bear struggles against the net.
The net rips apart, and the black bear comes free!
Unknown command.
You feel yourself speed up.
The black bear attacks as you move away!
The black bear closely misses you.
The black bear claws you but does no damage.
The black bear misses you.
The black bear attacks as you move away!
The black bear bites you!
* * * LOW HITPOINT WARNING * * *
The black bear claws you.
* * * LOW HITPOINT WARNING * * *
The black bear closely misses you.
Okay, then.
Unknown command.
You barely miss the black bear.
The black bear is severely wounded.
The black bear completely misses you. The black bear claws you.
You die...

##.# #..### #..#.....
#.##.#.# #.#....#
######....# #.
##.........# .#..
##..........### #....
#.............##### ....#
#........@..#.....###...#
#........h#######.......##
#.....)...#### ##....#...#
#............###...†...#
#.......>.##...††.†(#...#
#.........#######...# ..#
#.........# #...# #
#.........# #...#
#.........# #####


You could see a black bear (berserk).

Vanquished Creatures
  A phantom (D:4)
  3 killer bees (D:6)
  4 orc priests
  A sleepcap (D:5)
  2 orc wizards
  5 adders
  2 dart slugs
  9 orcs
  4 ball pythons
  7 bats
  6 endoplasms
  2 goblins
  3 hobgoblins (D:2)
  6 kobolds
  3 quokkas
  5 frilled lizards
  2 rats
65 creatures vanquished.

Vanquished Creatures (collateral kills)
  A black bear (D:5)
  3 killer bees (D:6)
  A sleepcap (D:5)
  An orc wizard (D:4)
  3 gnolls (D:5)
  An adder (D:5)
  2 orcs
  A goblin (D:3)
  A quokka (D:4)
14 creatures vanquished.

Vanquished Creatures (others)
  A hexer (D:6)
  2 ancestors (D:3)
3 creatures vanquished.

Grand Total: 82 creatures vanquished

Notes
Turn   | Place    | Note
-------+----------+-------------------------------------------
     0 | D:1      | Demosthentine the Demonspawn Gladiator began the quest for
                  | the Orb.
     0 | D:1      | Reached XP level 1. HP: 16/16 MP: 1/1
   420 | D:1      | Found Nihanam's Weapon Shop.
   459 | D:1      | Found a faded altar of an unknown god.
   527 | D:1      | Gained mutation: You regenerate magic rapidly. [demonic
                  | ancestry]
   527 | D:1      | Reached XP level 2. HP: 22/22 MP: 2/2
  1146 | D:2      | Reached skill level 1 in Armour
  1146 | D:2      | Reached skill level 3 in Dodging
  1146 | D:2      | Gained mutation: When hurt, damage is shared between your
                  | health and your magic reserves. [demonic ancestry]
  1146 | D:2      | Reached XP level 3. HP: 11/28 MP: 3/3
  1184 | D:2      | Reached XP level 4. HP: 29/34 MP: 4/4
  1386 | D:2      | You fall into a shaft and drop 2 floors!
  1399 | D:4      | Found a staircase to the Ecumenical Temple.
  1405 | Temple   | Entered the Ecumenical Temple
  1618 | Temple   | Became a worshipper of Hepliaklqana the Forgotten
  1775 | D:4      | Noticed a phantom
  1791 | D:4      | Killed a phantom
  1792 | D:4      | Gained mutation: You have a pair of small antennae on your
                  | head. [demonic ancestry]
  1792 | D:4      | Reached XP level 5. HP: 11/41 MP: 3/5
  2236 | D:2      | Reached * piety under Hepliaklqana
  2286 | D:2      | Identified 2 scrolls of acquirement
  2286 | D:2      | Acquired a manual of Dodging
  2288 | D:2      | Acquired the ring "Pusomu" {rElec Will++ Dex+6}
  2841 | D:3      | Reached skill level 4 in Dodging
  2852 | D:3      | Reached XP level 6. HP: 18/42 MP: 4/6
  2860 | D:3      | HP: 2/42 [poisoned by an orc]
  3858 | D:5      | Entered Level 5 of the Dungeon
  3876 | D:5      | Found a sacrificial altar of Ru.
  3877 | D:5      | Found an opulent altar of Gozag.
  3980 | D:5      | Found a stormy altar of Qazlal.
  4058 | D:5      | Found an ornate altar of the Wu Jian Council.
  4223 | D:5      | Reached ** piety under Hepliaklqana
  4224 | D:5      | Remembered your ancestor Tlalli as a hexer
  4356 | D:5      | Reached XP level 7. HP: 48/48 MP: 7/7
  4494 | D:5      | Reached skill level 5 in Dodging
  4848 | D:6      | HP: 1/49 [black bear (4)]
  4850 | D:6      | Slain by a black bear

Illustrated notes

Levels and vault maps discovered:
D:1:      dpeg_arrival_water_temple_mockup, layout_basic,
          hellmonk_ecumenical_altar_pennies_from_heaven, serial_shops, shop
D:2:      cheibrodos_pilgrimage, layout_basic
D:3:      layout_basic
D:4:      layout_basic, temple_fountains
D:5:      layout_layer_cave, nzn_wu_jian_contemplation,
          grunt_temple_overflow_open, mainiacjoe_overflow_concentric_impassable,
          dreamdust_mushroom_princess
D:6:      layout_rooms, st_stairs_14
Temple:   regret_index_temple_waves

Skill      XL: |  1  2  3  4  5  6  7 |
---------------+----------------------+-----
Polearms       | 3 4 |  4.7
Armour         | 1 2 3 |  3.6
Dodging        | 3 4 5 |  5.6
Fighting       | 3 4 |  4.5
Throwing       | |  1.7

Action                     |  1- 3 |  4- 6 |  7- 9 || total
---------------------------+-------+-------+-------++-------
  Melee: Trident           |    91 |   196 |    37 ||   324
         Punch             |     2 |     4 |     1 ||     7
  Throw: Throwing net      |       |     1 |     2 ||     3
 Invoke: Ancestor Life: He |       |     1 |       ||     1
    Use: Scroll            |     3 |     8 |     3 ||    14
         Potion            |     3 |     3 |     2 ||     8
   Stab: Sleeping          |     2 |       |       ||     2
         Held in net/web   |       |       |     2 ||     2
         Distracted        |       |       |     1 ||     1
 Armour: Leather armour    |    38 |    25 |     6 ||    69
  Dodge: Dodged            |    47 |   121 |    52 ||   220

Table legend: (Time is in decaauts)
 A = Elapsed time spent in this place.
 B = Non-inter-level travel time spent in this place.
 C = Inter-level travel time spent in this place.
 D = Time resting spent in this place.
 E = Time spent auto-exploring this place.
 F = Levels seen in this place.
 G = Mean time per level.
                   A        B        C        D        E       F      G
               +--------+--------+--------+--------+--------+-----+--------+
         Total |   4890 |   4758 |    132 |    489 |   3492 |   7 |  698.6 |
       Dungeon |   4657 |   4525 |    132 |    489 |   3323 |   6 |  776.2 |
        Temple |    232 |    232 |      0 |      0 |    169 |   1 |  232.0 |
               +--------+--------+--------+--------+--------+-----+--------+

Top non-repeatable levels by time:
     D:4: 1114 daAuts
     D:1: 937 daAuts
     D:2: 878 daAuts
     D:5: 875 daAuts
     D:3: 734 daAuts
  Temple: 232 daAuts
     D:6: 117 daAuts
